 Dungeon Crawl Stone Soup version 0.30-a0-424-g7412bad402 (webtiles) character file.

Game seed: 2003034132212829184

137 Jonezilla the Covered (level 5, -2/46 (47) HPs)
             Began as a Minotaur Fighter on Dec 9, 2022.
             Was a Follower of Trog.
             Slain by a hobgoblin (4 damage)
             ... on level 3 of the Dungeon.
             The game lasted 00:14:57 (2279 turns).

Jonezilla the Covered (Minotaur Fighter)            Turns: 2279, Time: 00:14:58

HP:   -2/46 (47)    AC:  7    Str: 22    XL:     5   Next: 0%
MP:   4/4           EV:  9    Int:  5    God:    Trog [*.....]
Gold: 118           SH:  4    Dex: 10    Spells: 4/4 levels left

rFire   . . .      SeeInvis .    a - +0 war axe
rCold   . . .      Faith    .    c - +0 buckler
rNeg    . . .      Spirit   .    b - +0 scale mail
rPois   .          Reflect  .    (helmet restricted)
rElec   .          Harm     .    (no cloak)
rCorr   .          Rampage  .    (no gloves)
Will    .....                    (no boots)
Stlth   ..........               (no amulet)
HPRegen 0.27/turn                (no ring)
MPRegen 0.09/turn                (no ring)

@: lightly drained
A: horns 2, retaliatory headbutt
a: Renounce Religion, Berserk


You were on level 3 of the Dungeon.
You worshipped Trog.
Trog was aware of your devotion.
You visited 1 branch of the dungeon, and saw 3 of its levels.

You collected 118 gold pieces.

Inventory:

Hand Weapons
 a - a +0 war axe (weapon)
 w - a +0 dagger
 y - a +0 hand axe
 z - a +4 short sword of draining
Missiles
 g - 4 poisoned darts (quivered)
 i - 25 stones
 r - 6 javelins
Armour
 b - a +0 scale mail (worn)
 c - a +0 buckler (worn)
 h - a +0 scale mail
 x - a +0 robe
Magical Staves
 t - a staff of conjuration
Jewellery
 l - a ring of fire
Scrolls
 j - 2 scrolls of magic mapping {unknown}
 k - 3 scrolls of identify {unknown}
 o - a scroll of torment {unknown}
 p - a scroll of poison {unknown}
 q - a scroll of fog {unknown}
 u - a scroll of vulnerability {unknown}
 v - 2 scrolls of immolation {unknown}
Potions
 d - a potion of might
 e - a potion of resistance {unknown}
 f - a potion of mutation {unknown}
 m - a potion of invisibility {unknown}
 n - a potion of curing {unknown}
 s - a potion of degeneration {unknown}


   Skills:
 + Level 4.4 Fighting
 + Level 3.9 Axes
 + Level 4.9 Armour
 + Level 1.0 Dodging
 + Level 0.4 Stealth
 + Level 4.1 Shields


You had 4 spell levels left.
You didn't know any spells.
Your spell library was empty.

Dungeon Overview and Level Annotations

Branches:
Dungeon (3/15)

Altars:
Fedhas
Trog

Shops:
D:2 [


Innate Abilities, Weirdness & Mutations

You have a pair of horns on your head.
You reflexively headbutt those who attack you in melee.


Message History

You can't wear that.
You closely miss the orc priest.
The orc priest is moderately wounded.
You closely miss the orc. The orc hits you but does no damage.
The orc priest hits you but does no damage.
Unknown command.
Unknown command.
You barely miss the orc priest.
The hobgoblin shouts!
You headbutt the orc priest!
The orc priest is almost dead.
You hit the orc. You block the orc's attack.
The orc priest calls down the wrath of Beogh upon you.
Pain shoots through your body!
* * * LOW HITPOINT WARNING * * *
You hit the orc priest but do no damage.
The orc priest is almost dead.
You barely miss the orc. You block the orc's attack.
The orc priest hits you with a +0 dagger.
* * * LOW HITPOINT WARNING * * *
The orc hits you but does no damage.
The orc priest hits you with a +0 dagger.
* * * LOW HITPOINT WARNING * * *
You slash the orc priest!
You kill the orc priest!
Trog accepts your kill.
You barely miss the orc. The orc hits you with a +0 club.
* * * LOW HITPOINT WARNING * * *
Your Dodging skill increases to level 1!
You have reached level 5!
Things that are here:
a +0 dagger; an orc corpse The orc attacks as you move away!
The orc hits you but does no damage. The orc attacks as you move away!
The orc hits you but does no damage. The orc hits you with a +0 club.
* * * LOW HITPOINT WARNING * * *
The orc attacks as you move away! The orc closely misses you.
The hobgoblin hits you but does no damage.
The hobgoblin attacks as you move away! The hobgoblin hits you.
You die...

#..###............#..#######
#..# #..................####
#..###..........#..####.....
#...##............# #####.
#...##..).......### ##
###......).......#
#.##.))........#
#.##....go.....#
.........@.....#......#
....#..................#
................##......####
..................#..........
.........#....................
............................
#.....##....##.......... .....
................
...............


You could see an orc and a hobgoblin.

Vanquished Creatures
  An orc priest (D:3)
  An orc wizard (D:3)
  3 adders (D:2)
  A worm (D:3)
  3 dart slugs
  5 orcs (D:3)
  4 endoplasms
  A giant cockroach (D:2)
  4 goblins
  6 hobgoblins
  2 kobolds
  2 ball pythons
  A bat (D:1)
  3 frilled lizards (D:1)
  8 rats
45 creatures vanquished.

Notes
Turn   | Place    | Note
-------+----------+-------------------------------------------
     0 | D:1      | Jonezilla the Minotaur Fighter began the quest for the Orb.
     0 | D:1      | Reached XP level 1. HP: 19/19 MP: 0/0
   192 | D:1      | Reached XP level 2. HP: 27/27 MP: 1/1
   815 | D:2      | Reached XP level 3. HP: 24/33 MP: 2/2
  1009 | D:2      | Found Ifayni's Antique Armour Emporium.
  1009 | D:2      | Found a blossoming altar of Fedhas.
  1042 | D:2      | Became a worshipper of Fedhas Madash
  2041 | D:3      | Reached XP level 4. HP: 40/40 MP: 3/3
  2100 | D:3      | Found a faded altar of an unknown god.
  2156 | D:3      | Prayed at the altar of an unknown god.
  2156 | D:3      | Fell from the grace of Fedhas
  2156 | D:3      | Became a worshipper of Trog the Wrathful
  2156 | D:3      | Reached * piety under Trog
  2272 | D:3      | HP: 1/38 [orc/+0 club (3)]
  2273 | D:3      | Reached skill level 1 in Dodging
  2273 | D:3      | Reached XP level 5. HP: 2/46 MP: 4/4
  2277 | D:3      | HP: 2/46 [orc/+0 club (1)]
  2279 | D:3      | Slain by a hobgoblin

Illustrated notes

Levels and vault maps discovered:
D:1:      ebering_hopf_link, layout_loops_ring
D:2:      layout_basic, serial_shops, shop, basic_altar
D:3:      wander_river, layout_rooms, hellmonk_ecumenical_altar_heavens_door,
          kennysheep_generic_room_6

Skill      XL: |  1  2  3  4 |
---------------+-------------+-----
Armour         | 4 |  4.9
Fighting       | 4 |  4.4
Shields        | 4 |  4.1
Axes           | 3 |  3.9
Dodging        | 1 |  1.0
Stealth        | |  0.4

Action                   |  1- 3 |  4- 6 || total
-------------------------+-------+-------++-------
Melee: War axe           |    65 |    18 ||    83
       Headbutt          |    11 |     4 ||    15
Armor: Scale mail        |    41 |    21 ||    62
Dodge: Dodged            |    46 |    10 ||    56
Block: Buckler           |    17 |     9 ||    26

Table legend: (Time is in decaauts)
 A = Elapsed time spent in this place.
 B = Non-inter-level travel time spent in this place.
 C = Inter-level travel time spent in this place.
 D = Time resting spent in this place.
 E = Time spent auto-exploring this place.
 F = Levels seen in this place.
 G = Mean time per level.
                   A        B        C        D        E       F      G
               +--------+--------+--------+--------+--------+-----+--------+
         Total |   2311 |   2311 |      0 |     20 |      0 |   3 |  770.3 |
       Dungeon |   2311 |   2311 |      0 |     20 |      0 |   3 |  770.3 |
               +--------+--------+--------+--------+--------+-----+--------+

Top non-repeatable levels by time:
     D:2: 1163 daAuts
     D:1: 815 daAuts
     D:3: 332 daAuts
